 Dungeon Crawl Stone Soup version 0.28.0-43-g3370ac3207 (webtiles) character file.

Game seed: 14649193764428996866

9864 croobank the Summoner (level 11, 0/55 HPs)
             Began as a Gargoyle Fire Elementalist on Mar 6, 2022.
             Was an Elder of Hepliaklqana.
             Slain by a six-headed hydra (2 damage)
             ... on level 1 of the Lair of Beasts.
             The game lasted 00:51:05 (12670 turns).

croobank the Summoner (Gargoyle Fire Elementalist) Turns: 12670, Time: 00:51:06

Health: 0/55       AC: 12    Str: 14    XL:     11   Next: 53%
Magic:  19/22      EV: 13    Int: 20    God:    Hepliaklqana [****..]
Gold:   516        SH:  0    Dex: 10    Spells: 9/25 levels left

rFire   + . .      SeeInvis .   G - +10 flail of Gaokul {drain, rCorr}
rCold   + + .      Faith    .   (no shield)
rNeg    + + .      Spirit   .   H - +1 robe {rC+}
rPois   ∞          Reflect  .   (no helmet)
rElec   +          Harm     .   (no cloak)
rCorr   +          Rampage  .   (no gloves)
Will    .....                   v - +0 pair of boots
Stlth   +++.......              r - amulet of the acrobat
HPRegen 0.18/turn               B - ring of Temperance {rElec rPois rF+ rN+ Str+2}
MPRegen 0.18/turn               I - ring of protection from cold

@: no status effects
A: reduced essence, sickness immunity, AC +8, negative energy resistance 1,
electricity resistance, torment resistance 1, petrification resistance
a: Renounce Religion, Recall Ancestor, Ancestor Identity, Transference, Idealise


You were on level 1 of the Lair of Beasts.
You worshipped Hepliaklqana.
Hepliaklqana was greatly pleased with you.
You visited 2 branches of the dungeon, and saw 11 of its levels.
You also visited: Ossuary.

You collected 516 gold pieces.

Inventory:

Hand Weapons
 a - a +1 whip of venom
 l - a +2 trident
 F - a +2 hand axe
 G - the +10 flail of Gaokul (weapon) {drain, rCorr}
   (You found it on level 10 of the Dungeon)

   A truly terrible weapon, it drains the life of any living foe it strikes.
   rCorr:     It protects you from acid and corrosion.
 J - a +4 dagger of freezing
 K - a +0 battleaxe
 N - a +3 spear
 O - a +3 morningstar
Missiles
 d - 24 bolts
 f - 67 arrows
 g - 264 stones
 j - 183 sling bullets
 s - 22 boomerangs
Armour
 c - a +0 leather armour
 o - a +0 ring mail
 v - a +0 pair of boots (worn)
 H - a +1 robe of cold resistance (worn)
Jewellery
 h - a ring of positive energy
 i - a ring of see invisible
 q - a ring of fire
 r - an amulet of the acrobat (around neck)
 B - the ring of Temperance (left hand) {rElec rPois rF+ rN+ Str+2}
   (You found it on level 1 of the Lair of Beasts)

   [ring of protection from fire]

   Str:       It affects your strength (+2).
   rF:        It protects you from fire.
   rElec:     It insulates you from electricity.
   rPois:     It protects you from poison.
   rN:        It protects you from negative energy.
 I - a ring of protection from cold (right hand)
 M - a ring of positive energy
Wands
 m - a wand of flame (38)
 t - a wand of mindburst (9)
 z - a wand of iceblast (10)
Scrolls
 b - 2 scrolls of fear
 k - a scroll of immolation
 w - a scroll of summoning
 x - 7 scrolls of teleportation
 y - a scroll of enchant weapon
Potions
 e - a potion of flight
 n - a potion of mutation
 p - a potion of curing
 u - 2 potions of haste {unknown}
 A - a potion of lignification {unknown}
 E - a potion of resistance {unknown}
 L - 2 potions of might {unknown}
 Q - 3 potions of heal wounds
 S - a potion of berserk rage {unknown}
Miscellaneous
 P - a phial of floods


   Skills:
 + Level 4.9 Fighting
 + Level 4.5 Maces & Flails
 - Level 5.0 Dodging
 - Level 7.1 Stealth
 + Level 7.6 Spellcasting
 - Level 6.3 Conjurations
 + Level 8.0 Summonings
 - Level 6.5 Fire Magic


You had 9 spell levels left.
You knew the following spells:

 Your Spells              Type           Power      Damage    Failure   Level
a - Foxfire               Conj/Fire      100%       2x1d9     1%          1
b - Scorch                Fire           66%        2d8       1%          2
c - Wereblood             Tmut           7%         N/A       13%         2
d - Flame Wave            Conj/Fire      33%        2d8       6%          4
e - Summon Hydra          Summ           19%        N/A       95%         7

Your spell library contained the following spells:

 Spells                   Type           Power      Damage    Failure   Level
 Conjure Flame            Conj/Fire      33%        6-21      1%          3
 Shock                    Conj/Air       80%        1d8       2%          1
 Inner Flame              Hex/Fire       20%        N/A       7%          3
 Blink                    Tloc           14%        N/A       13%         2
 Lesser Beckoning         Tloc           7%         N/A       26%         3
 Ozocubu's Armour         Ice            7%         N/A       26%         3
 Swiftness                Air            7%         N/A       26%         3
 Airstrike                Air            3%         N/A       65%         4
 Manifold Assault         Tloc           7%         N/A       94%         5
 Metabolic Englaciation   Hex/Ice        3%         N/A       94%         5
 Simulacrum               Ice/Necr       3%         N/A       100%        6
 Sublimation of Blood     Necr           Unusable   N/A       N/A         2

Dungeon Overview and Level Annotations

Branches:
Dungeon (10/15)            Temple (0/1) D:6            Lair (1/6) D:9
Ossuary (visited)
    Orc: D:9-12

Altars:
Hepliaklqana

Annotations:
D:3 1 runed translucent door, Crazy Yiuf
Lair:1 2 transporters, zeram's ghost, journeyman GrFi


Innate Abilities, Weirdness & Mutations

Your life essence is reduced to manifest your ancestor. (-10% HP)
You are immune to sickness and miasma.
Your stone body is resilient. (AC +8)
You are immune to poison.
You resist negative energy. (rN+)
You are resistant to electric shocks. (rElec)
You are resistant to unholy torment.
You are immune to petrification.


Message History

The six-headed hydra's fire resistance burns away.
Casting: Scorch (safe; 1% risk of failure)
Confirm with . or Enter, or press ? or * to list all spells.
Flames lash the six-headed hydra.
The six-headed hydra is burned terribly!
The six-headed hydra is moderately wounded.
Citlalmina casts a spell at the six-headed hydra.
The puff of frost misses the six-headed hydra.
The six-headed hydra closely misses Citlalmina.
The six-headed hydra bites Citlalmina!
The six-headed hydra closely misses Citlalmina.
The six-headed hydra barely misses Citlalmina.
The six-headed hydra bites Citlalmina!!
The six-headed hydra bites Citlalmina.
Citlalmina hits the six-headed hydra with a +0 quarterstaff!!
The six-headed hydra bites Citlalmina.
Citlalmina is destroyed!
The six-headed hydra barely misses you. The six-headed hydra misses you.
The six-headed hydra bites you.
The six-headed hydra closely misses you.
The six-headed hydra completely misses you.
You hit the six-headed hydra. You drain the six-headed hydra.
The six-headed hydra is severely wounded.
The six-headed hydra bites you.
The six-headed hydra bites you but does no damage. x2
The six-headed hydra bites you! x2
The six-headed hydra closely misses you.
You sock the six-headed hydra! You drain the six-headed hydra.
The six-headed hydra is almost dead.
The six-headed hydra bites you but does no damage. x3
The six-headed hydra bites you.
The six-headed hydra bites you but does no damage. x2
You completely miss the six-headed hydra.
You punch the six-headed hydra.
The six-headed hydra is almost dead.
The six-headed hydra bites you! x2
* * * LOW HITPOINT WARNING * * *
The six-headed hydra bites you.
* * * LOW HITPOINT WARNING * * *
The six-headed hydra barely misses you. The six-headed hydra bites you.
You die...

,,,*#....#..........##**,*,,,,,,,
,,,+..####...........# *,+,,,,,,,
,,,,#** #..........P# ***,,,,,,,
≈≈,** #....>.....## *,,,,,,, ,≈,*
#...........# **,,,,,,, ,≈,**
#..........## *,,,,,,,, ,≈,,*
#...........# **,,,,,,, ,,,,*
#.......D...# *,,,,,,,, ,,,,**
#......@...## **,,,,,,, ,,,,,*
##########.# *,****** ,,,,,* **#
*** ,,,,,** ≈,≈≈,≈* ≈≈≈≈≈**
≈≈≈≈≈≈* *≈≈≈*** *≈***


You could see a six-headed hydra (combustible, drained).

Vanquished Creatures
  Erica (D:10)
  A black mamba (Lair:1)
  A rime drake (Lair:1)
  A komodo dragon (D:10)
  Grinder (D:5)
  Sigmund (D:2)
  4 yaks
  A wyvern (D:9)
  An acid dragon (D:9)
  A water moccasin (D:5)
  An orc warrior (D:7)
  A sky beast (D:5)
  2 black bears
  Pargi (D:3)
  A necrophage (D:7)
  A hornet zombie (D:7)
  An ogre (D:4)
  2 centaurs
  2 scorpions (D:4)
  A wyvern zombie (D:5)
  A wyvern skeleton (D:7)
  2 killer bees
  13 wights
  3 howler monkeys
  4 centaur zombies
  2 orc priests
  2 human zombies (Ossuary)
  2 hounds
  Ijyb (D:3)
  3 iguanas
  9 orc wizards
  3 hound zombies (Ossuary)
  3 mummies (Ossuary)
  7 gnolls
  3 adders
  A shadow imp (D:5)
  2 white imps
  An ufetubus (D:5)
  3 adder zombies (Ossuary)
  3 adder skeletons
  A dart slug (D:2)
  24 orcs
  7 endoplasms
  3 giant cockroaches
  2 gnoll zombies (Ossuary)
  7 goblins
  4 hobgoblins
  7 jackals
  15 kobolds
  4 quokkas
  9 ball pythons
  4 bats
  2 frilled lizards
  2 goblin zombies (Ossuary)
  A hobgoblin zombie (Ossuary)
  3 jackal zombies (Ossuary)
  5 kobold zombies (Ossuary)
  2 orc zombies (Ossuary)
  4 quokka zombies (Ossuary)
  6 rats
  5 rat zombies (Ossuary)
211 creatures vanquished.

Vanquished Creatures (collateral kills)
  A two-headed ogre (D:10)
  An elephant (D:9)
  A centaur zombie (D:10)
  A rime drake (Lair:1)
  2 wyverns
  2 basilisks
  2 steam dragons
  2 yaks (D:10)
  A redback (shapeshifter) (D:8)
  A water moccasin (Lair:1)
  2 orc warriors
  An ice beast (D:7)
  2 bullfrogs
  A wyvern zombie (D:8)
  A water moccasin skeleton (D:5)
  5 wights
  8 killer bees
  3 howler monkeys (D:9)
  A gnoll shaman (D:8)
  A jelly (D:5)
  A centaur skeleton (D:6)
  5 orc wizards
  4 gnolls
  A shadow imp (D:7)
  2 white imps
  5 orcs
57 creatures vanquished.

Vanquished Creatures (others)
  4 battlemagi
  An ancestor (D:5)
  340 foxfires
  3 fungi (Lair:1)
  3 plants (Lair:1)
351 creatures vanquished.

Grand Total: 619 creatures vanquished

Notes
Turn   | Place    | Note
-------+----------+-------------------------------------------
     0 | D:1      | croobank the Gargoyle Fire Elementalist began the quest for
                  | the Orb.
     0 | D:1      | Reached XP level 1. HP: 10/10 MP: 3/3
   233 | D:1      | Reached XP level 2. HP: 11/15 MP: 1/5
   236 | D:1      | Learned a level 2 spell: Scorch
   577 | D:1      | Found a faded altar of an unknown god.
   738 | D:1      | Reached XP level 3. HP: 19/19 MP: 4/6
  1465 | D:2      | Noticed Sigmund
  1474 | D:2      | Learned a level 2 spell: Wereblood
  1482 | D:2      | Killed Sigmund
  1483 | D:2      | Reached XP level 4. HP: 20/24 MP: 0/8
  1483 | D:2      | Reached XP level 5. HP: 23/28 MP: 0/9
  1997 | D:2      | Reached XP level 6. HP: 32/32 MP: 3/10
  2262 | D:3      | Noticed Pargi
  2266 | D:3      | Killed Pargi
  2445 | D:3      | Learned a level 4 spell: Flame Wave
  3166 | D:3      | Reached XP level 7. HP: 36/36 MP: 2/11
  3249 | D:3      | Noticed Ijyb
  3258 | D:3      | Killed Ijyb
  3432 | D:3      | Found a runed translucent door.
  3433 | D:3      | Noticed Crazy Yiuf
  3469 | D:4      | Found a hazy altar of Hepliaklqana.
  3475 | D:4      | Became a worshipper of Hepliaklqana the Forgotten
  4015 | D:4      | Found a sand-covered staircase.
  4027 | Ossuary  | Entered an ossuary
  4475 | Ossuary  | Reached skill level 5 in Stealth
  4509 | Ossuary  | Reached XP level 8. HP: 41/41 MP: 3/13
  4637 | Ossuary  | Reached skill level 5 in Fire Magic
  5511 | D:4      | Reached * piety under Hepliaklqana
  5633 | D:5      | Entered Level 5 of the Dungeon
  5815 | D:5      | Noticed Grinder
  5818 | D:5      | Reached skill level 5 in Conjurations
  5827 | D:5      | Killed Grinder
  6024 | D:5      | Reached XP level 9. HP: 40/40 MP: 3/16
  6427 | D:6      | Found a staircase to the Ecumenical Temple.
  6790 | D:6      | Reached skill level 5 in Spellcasting
  7142 | D:6      | Reached ** piety under Hepliaklqana
  7143 | D:6      | Remembered your ancestor Citlalmina as a battlemage
  7912 | D:7      | Reached skill level 5 in Dodging
  7952 | D:7      | Learned a level 7 spell: Summon Hydra
  8385 | D:7      | Reached skill level 1 in Summonings
  8485 | D:7      | Reached skill level 2 in Summonings
  8836 | D:8      | Reached skill level 3 in Summonings
  9047 | D:8      | Reached skill level 4 in Summonings
  9050 | D:8      | Reached XP level 10. HP: 32/45 MP: 14/18
  9058 | D:8      | Noticed a salamander
  9083 | D:8      | Noticed a moth of wrath
  9252 | D:8      | Reached skill level 5 in Summonings
  9801 | D:8      | Reached *** piety under Hepliaklqana
 10102 | D:9      | Reached skill level 6 in Summonings
 10566 | D:9      | Noticed an elephant
 10567 | D:9      | Found a staircase to the Lair.
 10585 | D:10     | Entered Level 10 of the Dungeon
 10616 | D:10     | Identified the +10 flail of Gaokul {drain, rCorr}
 10656 | D:9      | Killed an elephant
 10657 | D:9      | Reached skill level 1 in Fighting
 10657 | D:9      | Reached skill level 1 in Maces & Flails
 10997 | D:9      | Reached skill level 7 in Summonings
 11328 | D:10     | Noticed a two-headed ogre
 11335 | D:10     | Killed a two-headed ogre
 11336 | D:10     | Reached XP level 11. HP: 54/54 MP: 11/21
 11347 | D:10     | Noticed Erica
 11361 | D:10     | Killed Erica
 12054 | D:10     | Reached **** piety under Hepliaklqana
 12416 | Lair:1   | Entered Level 1 of the Lair of Beasts
 12531 | Lair:1   | Identified the ring of Temperance {rElec rPois rF+ rN+
                  | Str+2}
 12552 | Lair:1   | Found a transporter.
 12554 | Lair:1   | Noticed a death yak
 12557 | Lair:1   | Noticed zeram's ghost (journeyman GrFi)
 12564 | Lair:1   | Found a transporter.
 12638 | Lair:1   | Reached skill level 8 in Summonings
 12656 | Lair:1   | Noticed a six-headed hydra
 12670 | Lair:1   | HP: 2/55 [six-headed hydra (5)]
 12670 | Lair:1   | Slain by a six-headed hydra

Illustrated notes

Levels and vault maps discovered:
D:1:      grunt_arrival_lava_bath, layout_loops_ring,
          hellmonk_ecumenical_altar_leap_of_faith
D:2:      layout_basic, uniq_sigmund
D:3:      layout_loops_ring, serial_park_tiny_1, uniq_ijyb,
          uniq_crazy_yiuf_cottage, uniq_pargi
D:4:      layout_cave_pools, nicolae_overflow_crystal_walls,
          nicolae_ossuary_entry_ruins, nicolae_figureground_pulse
D:5:      layout_rooms, uniq_grinder
D:6:      layout_basic, minmay_temple_entry_tees, patterned_corridor
D:7:      layout_basic
D:8:      layout_basic, hangedman_decor_lopped, grunt_ministairs_5
D:9:      layout_rooms, david_lair_generic, nicolae_figureground_sparkle
D:10:     minmay_spotlight, layout_irregular_city, uniq_erica
Lair:1:   layout_roguey, gammafunk_ghost_arena, chequers_serial_rivers_micro_d,
          lemuel_fruit_fields, lemuel_fruit_tree, serial_bayou_shore_b

Skill      XL: |  1  2  3  4  5  6  7  8  9 10 11 |
---------------+----------------------------------+-----
Dodging        | 2 3 4 5 |  5.0
Stealth        | 3 4 5 6 7 |  7.1
Conjurations   | 2 3 4 5 6 |  6.3
Fire Magic     | 4 5 6 |  6.5
Spellcasting   | 3 4 5 7 |  7.6
Summonings     | 4 7 8 |  8.0
Fighting       | 3 4 |  4.9
Maces & Flails | 3 4 |  4.5

Action                   |  1- 3 |  4- 6 |  7- 9 | 10-12 || total
-------------------------+-------+-------+-------+-------++-------
Melee: Whip              |    20 |    33 |   129 |     9 ||   191
       Punch             |       |       |     1 |     3 ||     4
       Flail             |       |       |       |    59 ||    59
 Cast: Foxfire           |    35 |    23 |    94 |    51 ||   203
       Scorch            |     9 |    28 |   114 |    67 ||   218
       Wereblood         |     1 |       |       |       ||     1
       Flame Wave        |       |       |     4 |     1 ||     5
Invok: Ancestor Life: Ba |       |       |     1 |       ||     1
Evoke: Wand              |       |       |     4 |       ||     4
  Use: Scroll            |       |     7 |     3 |     7 ||    17
       Potion            |       |       |     3 |     1 ||     4
 Stab: Distracted        |       |       |     1 |     1 ||     2
Armor: Robe              |       |    22 |    75 |    35 ||   132
Dodge: Dodged            |    13 |    21 |   146 |    78 ||   258
